Map: Cyber Forest LE

Players

Mez - Winner!

  • Race: Terran Terran
  • League: Master
  • Spawn Location: 11:00

RoDoS

  • Race: Zerg Zerg
  • League: Master
  • Spawn Location: 5:00

VOD

Have the link to the VOD?

Description

Time

  • Played on: July 28, 2019, 9:39 a.m.
  • Length: 11:18
Show
View Real Time Build Order
Export as new Build Order

Mez Terran - Winner!

Build Orders: Reaper Expand 

Get SALT Encoding   

  12  0:01  SCV  
  13  0:13  SCV  
  14  0:17  Supply Depot  
  14  0:25  SCV  
  15  0:39  SCV  
  15  0:40  Barracks  
  16  0:44  Refinery  
  16  0:51  SCV  
  17  1:03  SCV  
  18  1:15  SCV  
  19  1:28  Reaper, Orbital Command  
  20  1:44  Command Center  
  20  1:55  SCV  
  20  2:00  Barracks  
  21  2:02  Barracks Reactor  
  21  2:08  SCV  
  21  2:12  Barracks  
  22  2:16  Supply Depot  
  22  2:25  SCV  
  23  2:42  SCV  
  23  2:43  Marine  
  23  2:44  Marine  
  26  2:49  Barracks Tech Lab  
  26  2:58  SCV, Orbital Command  
  26  3:04  Marine x3  
  30  3:07  Combat Shield  
  30  3:08  Marine  
  30  3:11  SCV  
  32  3:20  Supply Depot  
  32  3:22  Marine x3  
  32  3:23  SCV  
  32  3:26  Marine  
  36  3:35  SCV  
  36  3:41  Engineering Bay  
  37  3:43  SCV, Supply Depot  
  37  3:44  Marine x4  
  37  3:47  SCV  
  43  3:55  SCV  
  44  3:59  SCV  
  45  4:07  Terran Infantry Weapons Level 1  
  44  4:10  Supply Depot  
  44  4:16  SCV x2  
  44  4:17  Marine x4  
  50  4:27  Stimpack  
  50  4:28  Command Center  
  50  4:29  SCV x2  
  52  4:39  Supply Depot  
  52  4:40  Marine x4  
  52  4:41  SCV x2  
  58  4:53  SCV x2  
  60  5:00  Factory, Refinery x2  
  60  5:02  Marine x2  
  60  5:05  Barracks Reactor, SCV x2, Marine  
  65  5:11  Supply Depot  
  65  5:17  SCV x2  
  67  5:28  Marine x3  
  70  5:29  SCV x2  
  72  5:36  Supply Depot  
  72  5:37  Barracks x2  
  72  5:41  SCV x2  
  74  5:45  Marine  
  74  5:47  Factory Reactor  
  74  5:48  Starport  
  75  5:50  Marine  
  75  5:51  Marine x3  
  75  5:53  SCV  
  80  5:57  Orbital Command  
  80  6:03  Marine  
  81  6:08  Marine x3  
  81  6:10  SCV x2  
  86  6:11  Terran Infantry Armor Level 1  
  86  6:16  Marine  
  86  6:17  Supply Depot  
  87  6:19  Supply Depot  
  87  6:21  Marine  
  87  6:22  SCV x2  
  87  6:25  Barracks Reactor x2  
  90  6:26  Marine  
  90  6:29  Marine x2  
  93  6:33  Marine, Medivac  
  93  6:35  Command Center, Medivac  
  88  6:58  Marine x5  
  88  6:59  SCV x2  
  89  7:03  Medivac  
  89  7:05  Medivac  
  88  7:10  SCV  
  88  7:11  SCV  
  77  7:16  Marine x7  
  77  7:20  SCV  
  77  7:22  SCV  
  86  7:23  SCV, Supply Depot  
  86  7:25  Barracks x2, Supply Depot  
  86  7:26  Barracks  
  86  7:27  Marine x2  
  89  7:33  Medivac  
  89  7:34  Marine x4  
  95  7:39  Marine x3  
  95  7:40  Medivac  
  100  7:45  Marine x2  
  101  7:51  Marine x4  
  101  7:52  SCV x3  
  101  7:56  Marine, Supply Depot  
  101  7:57  Marine x2  
  111  7:58  Supply Depot  
  111  8:00  Concussive Shells  
  111  8:02  Marine  
  111  8:04  SCV x2  
  114  8:11  Marine x4  
  118  8:14  Marine x2  
  118  8:19  Marine x4  
  117  8:30  Marine x3  
  117  8:31  Marine x2  
  117  8:32  Medivac x2  
  125  8:39  Barracks Tech Lab x2  
  125  8:40  Barracks Tech Lab  
  125  8:43  Barracks Reactor  
  125  8:52  Barracks  
  125  8:53  Barracks  
  125  8:54  Barracks  
  125  8:56  Marine x6  
  125  8:57  Marine x3, Barracks, Marauder  
  125  9:02  Medivac x2  
  138  9:05  Marine  
  138  9:07  Armory  
  138  9:09  Engineering Bay  
  141  9:14  Marine x6  
  141  9:15  Marauder  
  137  9:18  Marine x2  
  137  9:19  Marauder  
  137  9:21  Planetary Fortress  
  137  9:23  SCV, Marauder  
  144  9:26  SCV x2  
  144  9:31  Marine x2  
  148  9:35  Supply Depot  
  148  9:36  Marauder, Supply Depot  
  150  9:40  Marauder  
  152  9:46  Marine x9  
  152  9:47  Medivac  
  152  9:48  Marine  
  163  9:57  Marine x2  
  158  10:01  Marine  
  158  10:03  Marine  
  158  10:04  Marauder  
  158  10:06  Command Center  
  162  10:08  Marine  
  162  10:09  Marine x7  
  170  10:15  Marine  
  170  10:16  Marauder  
  171  10:22  Refinery  
  171  10:24  Refinery  
  171  10:29  Marine x5  
  171  10:30  Marine x4  
  180  10:44  Command Center  
  180  10:50  Marine  
  180  10:55  Marine x4, Marauder x2  
  180  10:59  Marine  
Show
View Real Time Build Order
Export as new Build Order

RoDoS Zerg 

Build Orders: Hatch First 

Get SALT Encoding   

  12  0:01  Drone  
  13  0:16  Overlord  
  13  0:22  Drone  
  14  0:34  Drone x2  
  16  0:41  Drone  
  17  0:59  Hatchery  
  17  1:01  Drone  
  17  1:13  Spawning Pool  
  17  1:16  Extractor  
  16  1:18  Drone  
  16  1:21  Drone  
  17  1:26  Drone  
  17  1:32  Drone  
  19  1:52  Overlord  
  19  2:00  Queen  
  21  2:01  Drone  
  22  2:10  Queen  
  22  2:11  Zergling x4  
  26  2:18  Metabolic Boost  
  26  2:23  Drone x2  
  28  2:30  Extractor  
  27  2:41  Drone x3  
  30  2:49  Overlord  
  30  2:50  Queen  
  33  2:54  Drone x2  
  35  2:59  Drone  
  36  3:08  Drone  
  36  3:11  Drone  
  38  3:18  Drone  
  38  3:19  Drone  
  40  3:22  Drone x4  
  40  3:23  Overlord  
  44  3:38  Hatchery  
  43  3:45  Queen, Extractor  
  43  3:46  Overlord, Extractor  
  43  3:52  Zergling x2  
  43  3:53  Zergling x12  
  50  4:01  Overlord, Queen  
  51  4:19  Drone x3  
  51  4:20  Drone x3, Baneling Nest  
  51  4:21  Drone  
  51  4:24  Spore Crawler x2  
  55  4:37  Drone x3  
  55  4:38  Evolution Chamber  
  57  4:39  Evolution Chamber  
  57  4:40  Drone  
  57  4:47  Zergling x6  
  60  4:55  Overlord  
  60  4:58  Overlord  
  60  5:01  Queen  
  60  5:03  Baneling  
  60  5:04  Baneling x6  
  60  5:06  Drone  
  65  5:14  Drone x3  
  65  5:15  Drone x2  
  65  5:19  Lair  
  68  5:22  Drone x4  
  68  5:26  Zerg Melee Weapons Level 1  
  72  5:33  Baneling  
  72  5:34  Baneling x2  
  72  5:37  Drone x2  
  72  5:38  Drone x5  
  79  5:47  Overlord  
  79  5:48  Drone x2  
  81  5:50  Overlord x2  
  81  5:56  Zerg Ground Armor Level 1  
  81  6:01  Baneling  
  81  6:02  Overlord  
  81  6:03  Overlord  
  81  6:06  Zergling x10, Extractor x2  
  81  6:09  Overlord  
  84  6:17  Overlord  
  84  6:23  Centrifical Hooks  
  84  6:24  Drone x2  
  84  6:25  Drone  
  87  6:30  Overlord  
  87  6:33  Drone x2  
  87  6:34  Zergling x4  
  83  6:59  Baneling x2  
  83  7:00  Zergling x18  
  81  7:11  Zergling x2  
  81  7:12  Zergling x4  
  77  7:17  Queen x3  
  77  7:22  Zergling x6, Hydralisk Den  
  85  7:30  Baneling x4  
  85  7:31  Baneling x6  
  85  7:33  Drone x3  
  85  7:36  Extractor  
  86  7:37  Hatchery  
  86  7:42  Extractor  
  78  7:47  Zergling x6  
  78  7:51  Zergling x6  
  83  7:52  Queen  
  83  7:57  Hydralisk x3  
  91  7:59  Zerg Ground Armor Level 2, Zerg Melee Weapons Level 2  
  91  8:06  Hydralisk x2  
  91  8:09  Baneling x3  
  91  8:10  Baneling x2  
  95  8:18  Zergling x6  
  95  8:28  Hydralisk x4  
  95  8:31  Zergling x4  
  105  8:36  Overlord  
  105  8:37  Zergling x6  
  108  8:43  Overlord  
  108  8:47  Grooved Spines  
  108  8:50  Overlord  
  108  8:51  Zergling x10  
  113  9:16  Hydralisk x9  
  113  9:17  Hydralisk  
  115  9:20  Overlord  
  115  9:23  Drone x2  
  115  9:24  Drone  
  130  9:31  Extractor  
  130  9:36  Drone x4  
  130  9:37  Drone, Queen  
  136  9:39  Baneling x2  
  136  9:40  Baneling x9  
  131  9:56  Drone  
  131  9:57  Drone x8  
  140  10:02  Muscular Augments  
  140  10:03  Drone x2  
  140  10:04  Drone  
  140  10:05  Overlord  
  143  10:12  Overlord  
  143  10:13  Baneling x2  
  143  10:14  Baneling  
  143  10:17  Infestation Pit  
  143  10:18  Overlord  
  142  10:32  Hatchery  
  142  10:34  Hydralisk  
  142  10:35  Hydralisk x11  
  165  10:54  Zergling x8  
  165  10:55  Zergling x4  
  168  10:57  Overlord  
Tags
 
Add a new tag
Caveats
  • Supply blocks, unpowered buildings, or Contaminate may cause inaccurate times.
  • Supply counts are checked every 10 seconds.